 Dungeon Crawl Stone Soup version 0.29-a0-284-gf9362112df (webtiles) character file.

Game seed: 4961955314462248663

22 GigaChad the Grave Robber (level 2, -3/19 HPs)
             Began as a Vampire Necromancer on Mar 30, 2022.
             Killed from afar by Natasha (9 damage)
             ... with a magic dart
             ... on level 2 of the Dungeon.
             The game lasted 00:20:37 (1065 turns).

GigaChad the Grave Robber (Vampire Necromancer)     Turns: 1065, Time: 00:20:38

Health: -3/19      AC:  8    Str:  7    XL:     2   Next: 68%
Magic:  5/5        EV: 25    Int: 17    God:
Gold:   31         SH:  0    Dex: 14    Spells: 4/5 levels left

rFire   . . .      SeeInvis +   f - +1 war axe
rCold   . . .      Faith    .   (no shield)
rNeg    . . .      Spirit   .   d - +1 ring mail
rPois   .          Reflect  .   (no helmet)
rElec   .          Harm     .   (no cloak)
rCorr   .          Rampage  .   e - +1 pair of gloves {Stlth+}
Will    .....                   (no boots)
Stlth   +++.......              k - amulet of the acrobat
HPRegen 0.26/turn               (no ring)
MPRegen 0.09/turn               (no ring)

@: acrobatic, healing quickly, slowed, invisible, very slow
A: alive, fangs 3, see invisible, vampiric 1
a: Exsanguinate


You were on level 2 of the Dungeon.
You visited 1 branch of the dungeon, and saw 2 of its levels.

You collected 31 gold pieces.

Inventory:

Hand Weapons
 f - a +1 war axe (weapon)
 g - a +0 spear
 l - a +0 dagger
 o - a +0 short sword
Missiles
 m - 5 stones
Armour
 a - a +0 robe
 d - a +1 ring mail (worn)
 e - a +1 pair of gloves of stealth (worn)
 j - a +0 ring mail
Jewellery
 k - an amulet of the acrobat (around neck)
Scrolls
 i - a scroll of silence {unknown}
Potions
 b - a potion of magic
 h - a potion of degeneration
 n - a potion of flight
 p - a potion of lignification


   Skills:
 + Level 2.1 Dodging
 + Level 3.4 Stealth
 + Level 2.1 Spellcasting
 + Level 5.0 Necromancy


You had 4 spell levels left.
You knew the following spells:

 Your Spells              Type           Power      Damage    Failure   Level
a - Pain                  Necr           76%        1d7       9%          1

Your spell library contained the following spells:

 Spells                   Type           Power      Damage    Failure   Level
 Animate Skeleton         Necr           38%        N/A       9%          1
 Vampiric Draining        Necr           19%        2d7       26%         3
 Animate Dead             Necr           9%         N/A       63%         4
 Agony                    Necr           19%        N/A       93%         5


Dungeon Overview and Level Annotations

Branches:
Dungeon (2/15)

Altars:

Annotations:
D:2 Natasha


Innate Abilities, Weirdness & Mutations

Your natural rate of healing is accelerated.
You have razor-sharp teeth.
You have supernaturally acute eyesight. (SInv)
You are afflicted with vampirism.


Message History

Natasha is almost dead.
Natasha claws you but does no damage.
Natasha mumbles some strange words.
The crimson imp completely misses you. Natasha claws you.
The crimson imp attacks as you move away!
The crimson imp closely misses you. x2
Natasha stares at you and mumbles some strange words.
The magic dart hits you.
Your magic is already full.
Unknown command.
You fade into invisibility!
The crimson imp closely misses you.
Natasha stares at you and mumbles some strange words.
You feel as though you will be slow longer.
Natasha stares at you and mumbles some strange words.
You resist with significant effort. The crimson imp closely misses you.
Natasha mumbles some strange words.
The crimson imp misses you.
You catch the helpless crimson imp completely off-guard!
You hit the crimson imp but do no damage.
The crimson imp disappears in a puff of smoke!
Natasha casts a spell at you. The magic dart hits you.
* * * LOW HITPOINT WARNING * * *
Natasha stares at you and mumbles some strange words.
You resist with significant effort. Natasha attacks as you move away!
Natasha closely misses you. Natasha completely misses you.
Natasha barely misses you.
The iron imp disappears in a puff of smoke!
Natasha mumbles some strange words.
The white imp gestures at the crimson imp.
Natasha attacks as you move away! Natasha closely misses you.
Natasha mumbles some strange words.
The crimson imp shouts!
Natasha misses you. Natasha casts a spell at you.
You feel as though you will be slow longer.
Natasha casts a spell at you. The magic dart hits you!
You die...

#####...####.#. .# ###.## #.
##...#.....>.... !....... ?
.....#...##.#.#####..###?###.#
##...#.>.##.#.#.. .....#..<#.#
#...#...##...#.###..#.#.....#
#...###....# #.#....#.#...###
##.## #....# #.#.##.#.....#
#.# #....###.#.##.#.5.#.###.
#.####....†...@..h....5.......
#.........###.#.##.....#######
######...## #.#.#####......
#...# #.#.# #.##### #####
#.#<# #.. #.### #### #.# #.#
#.# #####


You could see an iron imp (summoned, can't see you) and Natasha.

Vanquished Creatures
  A worm (D:2)
  A dart slug (D:1)
  3 ball pythons (D:1)
  2 endoplasms
  A giant cockroach (D:2)
  A hobgoblin (D:1)
  3 bats (D:1)
  A frilled lizard (D:2)
  3 kobolds
  A rat (D:1)
17 creatures vanquished.

Vanquished Creatures (others)
  A plant (D:1)
1 creature vanquished.

Grand Total: 18 creatures vanquished

Notes
Turn   | Place    | Note
-------+----------+-------------------------------------------
     0 | D:1      | GigaChad the Vampire Necromancer began the quest for the
                  | Orb.
     0 | D:1      | Reached XP level 1. HP: 13/13 MP: 3/3
   515 | D:1      | Reached XP level 2. HP: 19/19 MP: 5/5
  1001 | D:2      | Reached skill level 5 in Necromancy
  1037 | D:2      | Noticed Natasha
  1051 | D:2      | Noticed a crimson imp
  1061 | D:2      | Noticed a crimson imp
  1065 | D:2      | Killed from afar by Natasha

Illustrated notes

Levels and vault maps discovered:
D:1:      kennysheep_arrival_seaside, layout_loops_ring
D:2:      layout_basic, uniq_natasha

Skill      XL: |  1  2 |
---------------+-------+-----
Necromancy     | 5 |  5.0
Dodging        | |  2.1
Stealth        | |  3.4
Spellcasting   | |  2.1

Action                   || total
-------------------------++-------
Melee: War axe           ||    36
       Bite              ||     5
       Unarmed           ||     2
  Use: Scroll            ||    11
       Potion            ||     1
 Stab: Sleeping          ||     6
       Invisible         ||     1
Armor: Ring mail         ||    17
Dodge: Dodged            ||    37

Table legend: (Time is in decaauts)
 A = Elapsed time spent in this place.
 B = Non-inter-level travel time spent in this place.
 C = Inter-level travel time spent in this place.
 D = Time resting spent in this place.
 E = Time spent auto-exploring this place.
 F = Levels seen in this place.
 G = Mean time per level.
                   A        B        C        D        E       F      G
               +--------+--------+--------+--------+--------+-----+--------+
         Total |   1090 |   1075 |     15 |      0 |     12 |   2 |  545.0 |
       Dungeon |   1090 |   1075 |     15 |      0 |     12 |   2 |  545.0 |
               +--------+--------+--------+--------+--------+-----+--------+

Top non-repeatable levels by time:
     D:1: 813 daAuts
     D:2: 277 daAuts
